 Dungeon Crawl Stone Soup version 0.26-a0-663-g36e8fdb655 (webtiles) character file.

Game seed: 17361735055064445502

20776 Birvald the Geomancer (level 12, -1/72 HPs)
             Began as a Gargoyle Earth Elementalist on Oct 11, 2020.
             Was a High Priest of Vehumet.
             Slain by a centaur warrior (9 damage)
             ... on level 13 of the Dungeon.
             The game lasted 00:40:31 (17111 turns).

Birvald the Geomancer (GrEE)                       Turns: 17111, Time: 00:40:32

Health: -1/72      AC: 17    Str: 22    XL:     12   Next: 83%
Magic:  23/33      EV: 15    Int: 21    God:    Vehumet [*****.]
Gold:   97         SH:  0    Dex: 12    Spells: 6/27 levels left

rFire    + + .     SeeInvis .   x - +9 quarterstaff (drain)
rCold    . . .     Faith    .   (shield currently unavailable)
rNeg     + . .     Spirit   .   J - +1 robe {rF+}
rPois    ∞         Reflect  .   (no helmet)
rElec    +         Harm     .   (no cloak)
rCorr    .         Rampage  .   F - +2 pair of gloves of Ennui {rF+ Str+4}
MR       .....                  c - +1 pair of boots
Stlth    +++.......             r - amulet of the acrobat
HPRegen  0.00/turn              u - ring of Trepidation {+Blink MP+9 Stlth+}
MPRegen  0.23/turn              v - +6 ring of strength

@: very slightly contaminated
A: agile 1, negative energy resistance 1, electricity resistance, inhibited
regeneration, unbreathing, petrification resistance, rot immunity, AC +8
a: Renounce Religion, Evoke Blink


You were on level 13 of the Dungeon.
You worshipped Vehumet.
Vehumet was extremely pleased with you.
You visited 2 branches of the dungeon, and saw 14 of its levels.

You collected 975 gold pieces.
You spent 878 gold pieces at shops.

Inventory:

Hand Weapons
 i - a +0 morningstar
 m - a +1 dagger of draining
 x - a +9 quarterstaff of draining (weapon)
 E - a +4 dire flail of protection
Missiles
 b - 364 stones (quivered)
Armour
 c - a +1 pair of boots (worn)
 l - the +0 pair of gloves of Diozil {rC++}
   (You found it on level 8 of the Dungeon)

   It greatly protects you from cold.
 D - a +0 troll leather armour
 F - the +2 pair of gloves of Ennui (worn) {rF+ Str+4}
   (You bought it in a shop on level 11 of the Dungeon)

   It affects your strength (+4).
   It protects you from fire.
 J - a +1 robe of fire resistance (worn)
Magical Staves
 w - an uncursed staff of cold
Jewellery
 h - an uncursed ring of protection from cold
 r - an amulet of the acrobat (around neck)
 u - the ring of Trepidation (left hand) {+Blink MP+9 Stlth+}
   (You found it on level 4 of the Dungeon)

   [ring of magical power]

   It affects your magic capacity (+9).
   It lets you blink.
   It makes you more stealthy.
 v - a +6 ring of strength (right hand)
 C - an uncursed ring of fire
 I - a +6 ring of dexterity
Wands
 n - a wand of random effects (17)
 t - a wand of paralysis (12)
 y - a wand of iceblast (12)
Scrolls
 a - 3 scrolls of remove curse
 f - a scroll of magic mapping
 o - 4 scrolls of amnesia
 p - 9 scrolls of teleportation
 q - 3 scrolls of fear
 A - 2 scrolls of identify
 H - a scroll of fog
Potions
 d - a potion of invisibility
 e - 4 potions of magic
 g - a potion of berserk rage
 j - 7 potions of flight
 k - 4 potions of heal wounds
 s - 4 potions of curing
 z - a potion of brilliance
 B - a potion of lignification
 G - 4 potions of might


   Skills:
 + Level 7.4 Fighting
 + Level 6.7 Maces & Flails
 - Level 6.0 Armour
 + Level 5.9 Dodging
 - Level 2.1 Stealth
 + Level 8.3 Spellcasting
 + Level 9.3 Conjurations
 - Level 0.7 Transmutations
 * Level 1.5 Fire Magic
 + Level 11.0 Earth Magic
 - Level 6.0 Evocations


You had 6 spell levels left.
You knew the following spells:

 Your Spells              Type           Power        Failure   Level
a - Sandblast             Erth           ######       1%          1
b - Stone Arrow           Conj/Erth      ######       1%          3
c - Lee's Rapid Deconstr  Erth           ######....   1%          5
d - Passwall              Tmut/Erth      ####....     1%          2
e - Irradiate             Conj/Tmut      ####......   7%          5
f - Fireball              Conj/Fire      ####......   6%          5

Your spell library contained the following spells:

 Spells                   Type           Power        Failure   Level
 Foxfire                  Conj/Fire      ####         1%          1
 Shock                    Conj/Air       ####         1%          1
 Conjure Flame            Conj/Fire      ####....     1%          3
 Static Discharge         Conj/Air       ####....     1%          3
 Sticky Flame             Conj/Fire      ####....     2%          4
 Inner Flame              Hex/Fire       ##......     4%          3
 Petrify                  Tmut/Erth      ####....     7%          4
 Lightning Bolt           Conj/Air       ####......   9%          5
 Corpse Rot               Necr/Air       N/A          12%         2
 Swiftness                Air            #.......     12%         2
 Airstrike                Air            #.........   19%         4
 Dispel Undead            Necr           #.......     58%         4
 Agony                    Necr           #.......     91%         5
 Excruciating Wounds      Necr           #.........   91%         5
 Sublimation of Blood     Necr           Unusable     N/A         2

Dungeon Overview and Level Annotations

Branches:
Dungeon (13/15)            Temple (1/1) D:5            Lair (0/6) D:11
    Orc (0/2) D:10
 Vaults: D:13-14

Altars:
Dithmenos
Gozag
Hepliaklqana
Kikubaaqudgha
Nemelex Xobeh
Qazlal
Ru
Sif Muna
Trog
Uskayaw
Vehumet
The Shining One

Shops:
D:4 !   D:6 (   D:8 (([=:   D:10 *   D:11 [

Annotations:
D:6 5 runed translucent doors


Innate Abilities, Weirdness & Mutations

You are resistant to torment.
Your stone body is resilient. (AC +8)
You are immune to poison.
You resist negative energy. (rN+)
You are resistant to electric shocks. (rElec)
You can survive without breathing.
You are immune to petrification.
You are immune to rotting.
You are agile. (Dex +2)
You do not regenerate when monsters are visible.


Message History

Unknown command.
You thump the centaur warrior!
The centaur warrior is moderately wounded.
The centaur warrior hits you but does no damage.
Unknown command.
You closely miss the centaur warrior.
The centaur warrior is moderately wounded.
The centaur warrior hits you but does no damage.
Unknown command.
You sock the centaur warrior! You drain the centaur warrior.
The centaur warrior is heavily wounded.
The centaur warrior misses you. The centaur warrior hits you!
* * * LOW HITPOINT WARNING * * *
Unknown command.
You barely miss the centaur warrior.
The centaur warrior is heavily wounded.
The centaur warrior hits you!
* * * LOW HITPOINT WARNING * * *
The centaur warrior hits you!
You die...

*,,,,,,,,,,,,,,* *,,,,,
*,,,........#*** *,,,,*
*,*,#.......# ****,*
*,,,,.......# ***** *,,
*****,......# **,,,** ***
*,,..K..***,,,,,**
*,,,BKK,**,,,,,,,* *
****#c#***,,,,,,,* * #@#
*,,,..,,* * *#.#####....,** **
*#.#.....#,,,#* *,
*#.###.##.#**.# *, #.#*
##)#.###.###* *,
##.*##.##.#......****
*#.#(........$..,,,, *
#(........./...*,*, *
***********#.##..#......#,,,,,


You could see a centaur warrior (drained), a worker ant and 3 kobolds.

Vanquished Creatures
  An azure jelly (shapeshifter) (D:10)
  A stone giant (D:12)
  The ghost of PanSaczeczos the Spear-Bearer, a journeyman MfIE of Fedhas (D:10)
  A centaur warrior (D:10)
  5 two-headed ogres
  Erica (D:8)
  The ghost of lilly the Slinger, a novice MiMo of Gozag (D:7)
  2 unseen horrors (D:12)
  An ugly thing (D:12)
  4 cyclopes
  Psyche (D:8)
  A gargoyle (D:12)
  Joseph (D:7)
  A centaur skeleton (D:10)
  An efreet (D:13)
  2 trolls (D:10)
  A hornet (D:11)
  6 yaks
  A wyvern (D:11)
  2 water moccasins
  6 orc warriors
  2 black bears
  A hornet zombie (D:10)
  6 ice beasts
  13 ogres
  2 sky beasts
  7 centaurs
  3 phantoms
  2 big kobolds
  8 bullfrogs
  A gnoll sergeant (D:12)
  5 scorpions
  8 wights
  6 howler monkeys
  2 quasits
  7 orc priests
  6 hounds
  5 jellies
  2 gnoll shamans
  11 orc wizards
  4 iguanas
  9 worker ants
  A centaur simulacrum (D:7)
  A human simulacrum (D:9)
  A hound skeleton (D:3)
  A hound zombie (D:8)
  A worker ant zombie (D:10)
  15 gnolls
  A howler monkey skeleton (D:11)
  9 adders
  A shadow imp (D:8)
  5 white imps
  An ufetubus (D:5)
  An ooze (D:2)
  An adder zombie (D:10)
  An adder skeleton (D:7)
  7 worms
  2 dart slugs
  2 adder simulacra (D:7)
  6 leopard geckos
  49 orcs
  2 ball pythons
  10 bats
  12 giant cockroaches
  4 hobgoblins
  19 jackals
  14 kobolds
  8 quokkas
  12 frilled lizards
  7 goblins
  A leopard gecko skeleton (D:6)
  A leopard gecko zombie (D:6)
  10 rats
357 creatures vanquished.

Vanquished Creatures (others)
  An orc wizard (D:8)
  A human simulacrum (D:9)
  An orc (D:9)
  6 plants (D:12)
9 creatures vanquished.

Grand Total: 366 creatures vanquished

Notes
Turn   | Place    | Note
-------+----------+-------------------------------------------
     0 | D:1      | Birvald the Gargoyle Earth Elementalist began the quest for
                  | the Orb.
     0 | D:1      | Reached XP level 1. HP: 10/10 MP: 3/3
    57 | D:1      | Reached XP level 2. HP: 5/15 MP: 0/5
    58 | D:1      | Reached skill level 4 in Earth Magic
   788 | D:1      | Reached XP level 3. HP: 19/19 MP: 6/6
   793 | D:1      | Learned a level 3 spell: Stone Arrow
  1159 | D:2      | Reached skill level 1 in Conjurations
  1224 | D:2      | Reached XP level 4. HP: 15/24 MP: 6/8
  1662 | D:2      | Found a glowing golden altar of the Shining One.
  1880 | D:2      | Found a sparkling altar of Nemelex Xobeh.
  2353 | D:3      | Gained mutation: You do not regenerate when monsters are
                  | visible. [potion of mutation]
  2353 | D:3      | Gained mutation: You are agile. (Dex +2) [potion of
                  | mutation]
  2483 | D:3      | Reached skill level 5 in Earth Magic
  2486 | D:3      | Reached XP level 5. HP: 10/28 MP: 3/9
  2776 | D:3      | Noticed a moth of wrath
  2780 | D:3      | Found a bloodstained altar of Trog.
  3154 | D:3      | Found an ancient bone altar of Kikubaaqudgha.
  3200 | D:3      | HP: 1/42 [jackal (2)]
  3534 | D:3      | Learned a level 5 spell: Lee's Rapid Deconstruction
  3897 | D:4      | Reached XP level 6. HP: 18/32 MP: 11/11
  4517 | D:4      | Found Casowappi's Distillery.
  4520 | D:4      | Bought 2 potions of heal wounds for 120 gold pieces
  4520 | D:4      | Bought a potion of curing for 36 gold pieces
  4569 | D:4      | You fall into a shaft and drop 1 floor!
  4569 | D:5      | Entered Level 5 of the Dungeon
  4569 | D:5      | Found a radiant altar of Vehumet.
  4590 | D:5      | Learned a level 2 spell: Passwall
  4594 | D:5      | Became a worshipper of Vehumet
  4830 | D:4      | Got an ancient ivory ring
  4832 | D:4      | Identified the ring of Trepidation {+Blink MP+9 Stlth+}
                  | (You found it on level 4 of the Dungeon)
  5067 | D:4      | Noticed a phantom
  5098 | D:4      | Killed a phantom
  5098 | D:4      | Reached skill level 6 in Earth Magic
  5389 | D:5      | Noticed an ice beast
  5399 | D:5      | Reached XP level 7. HP: 14/36 MP: 9/13
  6205 | D:5      | HP: 1/36 [gnoll shaman/+0 quarterstaff (9)]
  6206 | D:5      | Reached skill level 7 in Earth Magic
  6216 | D:5      | Reached skill level 5 in Spellcasting
  6477 | D:5      | Reached skill level 5 in Conjurations
  6491 | D:5      | Reached XP level 8. HP: 36/41 MP: 15/15
  6602 | D:5      | Found a staircase to the Ecumenical Temple.
  6813 | D:5      | Found a stormy altar of Qazlal.
  6865 | D:5      | Found a hazy altar of Hepliaklqana.
  7091 | Temple   | Entered the Ecumenical Temple
  7205 | D:6      | Found a runed translucent gate.
  7206 | D:6      | Found a runed translucent gate.
  7208 | D:6      | Found a runed translucent door.
  7215 | D:6      | Found a runed translucent gate.
  7396 | D:6      | Reached * piety under Vehumet
  7396 | D:6      | Offered knowledge of Magic Dart by Vehumet.
  7403 | D:6      | Reached skill level 1 in Evocations
  7412 | D:6      | Reached skill level 1 in Fighting
  7412 | D:6      | Reached skill level 1 in Armour
  7760 | D:6      | Found a runed translucent door.
  7771 | D:6      | Found the +9 staff of Olgreb {rPois∞}
  7788 | D:6      | Reached skill level 1 in Maces & Flails
  7916 | D:6      | Found Utakedia's Antique Weapon Boutique.
  8347 | D:7      | Found a sacrificial altar of Ru.
  8537 | D:7      | Reached XP level 9. HP: 44/48 MP: 17/17
  8649 | D:7      | Offered knowledge of Foxfire by Vehumet.
  9051 | D:7      | Found a runed translucent gate.
  9052 | D:7      | Found a runed translucent gate.
  9052 | D:7      | Found a runed translucent gate.
  9188 | D:7      | Noticed lilly's ghost (novice MiMo)
  9192 | D:7      | Reached skill level 8 in Earth Magic
  9305 | D:7      | Reached ** piety under Vehumet
  9647 | D:7      | Noticed Joseph
  9655 | D:7      | Killed Joseph
  9804 | D:8      | Found Zeiph's Jewellery Shoppe.
  9956 | D:8      | Found Anwuduyn's Book Shoppe.
  9981 | D:8      | Got a pair of shimmering gloves
  9987 | D:8      | Identified the cursed +0 pair of gloves of Diozil {rC++}
                  | (You found it on level 8 of the Dungeon)
 10070 | D:8      | Found a shadowy altar of Dithmenos.
 10109 | D:8      | Noticed a two-headed ogre
 10119 | D:8      | Killed a two-headed ogre
 10119 | D:8      | Reached XP level 10. HP: 34/56 MP: 13/19
 10310 | D:8      | Found Piratt's Antique Armour Boutique.
 10314 | D:8      | Found Xem Orai's Antique Weapon Boutique.
 10461 | D:8      | Found Jarinac's Weapon Shoppe.
 10468 | D:8      | Noticed Psyche
 10473 | D:8      | Killed Psyche
 10477 | D:8      | Offered knowledge of Searing Ray by Vehumet.
 10810 | D:8      | Noticed Erica
 10816 | D:8      | Killed Erica
 10816 | D:8      | Reached skill level 9 in Earth Magic
 11145 | D:9      | Noticed a two-headed ogre
 11154 | D:9      | Killed a two-headed ogre
 11154 | D:9      | Reached *** piety under Vehumet
 11453 | D:9      | Reached skill level 5 in Fighting
 11525 | D:9      | Reached XP level 11. HP: 63/63 MP: 21/21
 11761 | D:7      | Reached skill level 5 in Armour
 11768 | D:7      | Killed lilly's ghost
 12060 | D:10     | Entered Level 10 of the Dungeon
 12082 | D:10     | Found a staircase to the Orcish Mines.
 12085 | D:10     | Offered knowledge of Fulminant Prism by Vehumet.
 12614 | D:10     | Found a runed translucent gate.
 12614 | D:10     | Found a runed translucent gate.
 12614 | D:10     | Found a runed translucent gate.
 12615 | D:10     | Found an opulent altar of Gozag.
 12617 | D:10     | Found Zirhura's Assorted Antiques.
 12617 | D:10     | Noticed a glowing orange brain
 12617 | D:10     | Noticed PanSaczeczos's ghost (journeyman MfIE)
 12617 | D:10     | a glowing orange brain changed into an eye of devastation
 12618 | D:10     | Noticed a centaur warrior
 12619 | D:10     | Noticed a two-headed ogre
 12619 | D:10     | an eye of devastation changed into a two-headed ogre
 13046 | D:10     | Found a shimmering blue altar of Sif Muna.
 13560 | D:10     | Reached **** piety under Vehumet
 13622 | D:10     | Noticed a stone giant
 13624 | D:10     | Noticed an azure jelly
 13624 | D:10     | a stone giant changed into an azure jelly
 13625 | D:10     | an azure jelly changed into something unseen
 13628 | D:10     | Noticed a satyr
 13631 | D:10     | Noticed a boulder beetle
 13631 | D:10     | a satyr changed into a boulder beetle
 13632 | D:10     | Noticed an alligator
 13632 | D:10     | a boulder beetle changed into an alligator
 13635 | D:10     | Noticed a satyr
 13635 | D:10     | an alligator changed into a satyr
 13637 | D:10     | Noticed a boulder beetle
 13637 | D:10     | a satyr changed into a boulder beetle
 13638 | D:10     | Noticed an ettin
 13638 | D:10     | a boulder beetle changed into an ettin
 13645 | D:10     | Killed a centaur warrior
 13645 | D:10     | Reached skill level 5 in Maces & Flails
 13649 | D:10     | Noticed an eight-headed hydra
 13649 | D:10     | an ettin changed into an eight-headed hydra
 13651 | D:10     | Noticed a fire dragon
 13651 | D:10     | an eight-headed hydra changed into a fire dragon
 13653 | D:10     | Noticed an entropy weaver
 13653 | D:10     | a fire dragon changed into an entropy weaver
 13655 | D:10     | Killed PanSaczeczos's ghost
 13655 | D:10     | Noticed an emperor scorpion
 13655 | D:10     | an entropy weaver changed into an emperor scorpion
 13656 | D:10     | Noticed an azure jelly
 13656 | D:10     | an emperor scorpion changed into an azure jelly
 13662 | D:10     | Killed an azure jelly
 13662 | D:10     | Reached skill level 10 in Earth Magic
 13662 | D:10     | Reached skill level 5 in Evocations
 13787 | D:10     | Bought a scroll labeled HAIGUM AKEMA for 33 gold pieces
 14059 | D:4      | Bought a potion of haste for 120 gold pieces
 14059 | D:4      | Bought a potion of heal wounds for 60 gold pieces
 14059 | D:4      | Bought a potion of heal wounds for 60 gold pieces
 14059 | D:4      | Bought a potion of magic for 96 gold pieces
 14059 | D:4      | Bought a potion of invisibility for 96 gold pieces
 14059 | D:4      | Bought a potion of might for 48 gold pieces
 14300 | D:11     | Found a hide-covered altar of Uskayaw.
 14453 | D:11     | Found Atuiwk's Antique Armour Emporium.
 14468 | D:11     | Found a staircase to the Lair.
 14477 | D:11     | Offered knowledge of Mephitic Cloud by Vehumet.
 14503 | D:11     | Reached skill level 5 in Dodging
 15024 | D:12     | Reached XP level 12. HP: 48/71 MP: 21/23
 15166 | D:12     | Noticed a stone giant
 15647 | D:12     | Noticed a two-headed ogre
 15647 | D:12     | Noticed a two-headed ogre
 15648 | D:12     | Noticed a two-headed ogre
 15914 | D:12     | Killed a two-headed ogre
 16202 | D:12     | Reached ***** piety under Vehumet
 16222 | D:12     | Killed a two-headed ogre
 16222 | D:12     | Offered knowledge of Irradiate by Vehumet.
 16409 | D:12     | Killed a stone giant
 16604 | D:12     | Learned a level 5 spell: Irradiate
 16610 | D:12     | Learned a level 5 spell: Fireball
 16704 | D:12     | Noticed a two-headed ogre
 16787 | D:12     | Killed a two-headed ogre
 16787 | D:12     | Reached skill level 11 in Earth Magic
 17011 | D:11     | Bought a pair of fine gloves for 209 gold pieces
 17011 | D:11     | Identified the +2 pair of gloves of Ennui {rF+ Str+4} (You
                  | bought it in a shop on level 11 of the Dungeon)
 17067 | D:13     | Reached skill level 1 in Fire Magic
 17103 | D:13     | Noticed a centaur warrior
 17111 | D:13     | Slain by a centaur warrior

Illustrated notes

Levels and vault maps discovered:
D:1:      heliophobic_arrival_henge, layout_basic, minmay_crystal_room
D:2:      layout_rooms, tso_oasis_becter, nrook_loot_triangle,
          nemelex_spade_bored_becter
D:3:      layout_basic, tgw_trog, nicolae_overflow_crystal_walls,
          nrook_mini_backslash, minmay_misc_feat_more_columns,
          kennysheep_generic_room_14
D:4:      layout_gridville, serial_shops, nicolae_shop_behind_doors
D:5:      layout_loops_ring, marbit_many_paths, nicolae_overflow_hidden_temple,
          overflow_temple_1_default, minmay_temple_entry_proselytizer
D:6:      layout_loops_ring, serial_shops, shop,
          minmay_guarded_unrand_staff_of_olgreb
D:7:      kennysheep_spiral_hall, layout_basic, gammafunk_ghost_icy,
          hangedman_ru_absence, uniq_joseph
D:8:      layout_loops_cross, grunt_dithmenos_smoke, serial_shops,
          shop_fountains, shop, shop, shop, nicolae_shop_crystal, uniq_psyche,
          uniq_erica
D:9:      layout_basic, bh_circular_ruins
D:10:     layout_layer_cave, david_orc_2, serial_glass, glass_columns_c,
          glass_columns_c, basic_altar, ebering_ghost_gozag
D:11:     layout_roguey, lair_entry_dummy, serial_shops, shop,
          lemuel_statue_altar
D:12:     cheibrodos_monumental, layout_cross
D:13:     layout_loops_cross, enter_bailey_2
Temple:   regret_index_temple_generic_petals

Skill      XL: |  1  2  3  4  5  6  7  8  9 10 11 12 |
---------------+-------------------------------------+-----
Earth Magic    | 4 5 6 7 8 9 10 11 | 11.0
Conjurations   | 1 2 3 5 6 7 8 9 |  9.3
Spellcasting   | 3 4 5 6 7 8 |  8.3
Evocations     | 1 3 4 5 6 |  6.0
Fighting       | 2 3 5 6 7 |  7.4
Armour         | 2 3 4 6 |  6.0
Maces & Flails | 1 3 4 5 6 |  6.7
Dodging        | 2 3 4 5 |  5.9
Fire Magic     | 1 |  1.5
Stealth        | |  2.1
Transmutations | |  0.7

Action                   |  1- 3 |  4- 6 |  7- 9 | 10-12 || total
-------------------------+-------+-------+-------+-------++-------
Melee: Short sword       |   103 |    33 |       |       ||   136
       Unarmed           |     2 |       |       |       ||     2
       Dagger            |       |   192 |   243 |       ||   435
       Quarterstaff      |       |       |    24 |   337 ||   361
 Cast: Sandblast         |    20 |    44 |    44 |    24 ||   132
       Passwall          |       |     2 |       |       ||     2
       Lee's Rapid Decon |       |     1 |     6 |    28 ||    35
       Stone Arrow       |       |     1 |    36 |    56 ||    93
       Irradiate         |       |       |       |     2 ||     2
Evoke: Wand              |       |       |       |     8 ||     8
  Use: Scroll            |     7 |     8 |     7 |    16 ||    38
       Potion            |       |     3 |     5 |     3 ||    11
 Stab: Sleeping          |     1 |     9 |     9 |     9 ||    28
       Distracted        |       |       |       |     4 ||     4
       Paralysed         |       |       |       |    11 ||    11
       Invisible         |       |       |       |     1 ||     1
Armor: Robe              |    46 |    96 |   134 |   161 ||   437
Dodge: Dodged            |   102 |   166 |   216 |   329 ||   813

Table legend: (Time is in decaauts)
 A = Elapsed time spent in this place.
 B = Non-inter-level travel time spent in this place.
 C = Inter-level travel time spent in this place.
 D = Time resting spent in this place.
 E = Time spent auto-exploring this place.
 F = Levels seen in this place.
 G = Mean time per level.
                   A        B        C        D        E       F      G
               +--------+--------+--------+--------+--------+-----+--------+
         Total |  17196 |  16180 |   1016 |   3777 |   9348 |  14 | 1228.3 |
       Dungeon |  17194 |  16179 |   1015 |   3777 |   9348 |  13 | 1322.6 |
        Temple |      1 |      1 |      0 |      0 |      0 |   1 |    1.0 |
               +--------+--------+--------+--------+--------+-----+--------+

Top non-repeatable levels by time:
    D:10: 2221 daAuts
     D:5: 1902 daAuts
     D:7: 1737 daAuts
    D:11: 1681 daAuts
     D:3: 1659 daAuts
     D:4: 1460 daAuts
     D:6: 1303 daAuts
     D:8: 1244 daAuts
     D:2: 1130 daAuts
     D:1: 1044 daAuts
    D:12: 944 daAuts
     D:9: 809 daAuts
    D:13: 55 daAuts
  Temple: 1 daAuts
